%YAML 1.1
%TAG !u! tag:unity3d.com,2011:
--- !u!1 &1100906143406897095
GameObject:
  m_ObjectHideFlags: 0
  m_CorrespondingSourceObject: {fileID: 0}
  m_PrefabInstance: {fileID: 0}
  m_PrefabAsset: {fileID: 0}
  serializedVersion: 6
  m_Component:
  - component: {fileID: 3489685096744993578}
  m_Layer: 0
  m_Name: Potions et Parchemin
  m_TagString: Untagged
  m_Icon: {fileID: 0}
  m_NavMeshLayer: 0
  m_StaticEditorFlags: 0
  m_IsActive: 1
--- !u!4 &3489685096744993578
Transform:
  m_ObjectHideFlags: 0
  m_CorrespondingSourceObject: {fileID: 0}
  m_PrefabInstance: {fileID: 0}
  m_PrefabAsset: {fileID: 0}
  m_GameObject: {fileID: 1100906143406897095}
  m_LocalRotation: {x: -0, y: -0, z: -0, w: 1}
  m_LocalPosition: {x: 0.7675343, y: -2.8017542, z: 1.1966801}
  m_LocalScale: {x: 1, y: 1, z: 1}
  m_Children:
  - {fileID: 3084899952084584769}
  - {fileID: 3084899951068971696}
  - {fileID: 3084899951556019240}
  m_Father: {fileID: 0}
  m_RootOrder: 0
  m_LocalEulerAnglesHint: {x: 0, y: 0, z: 0}
--- !u!95 &7627331567674803695
Animator:
  serializedVersion: 3
  m_ObjectHideFlags: 0
  m_CorrespondingSourceObject: {fileID: 0}
  m_PrefabInstance: {fileID: 0}
  m_PrefabAsset: {fileID: 0}
  m_GameObject: {fileID: 2415077864553994250}
  m_Enabled: 1
  m_Avatar: {fileID: 0}
  m_Controller: {fileID: 9100000, guid: 2b9a98960b880804589e1c2127e7fa68, type: 2}
  m_CullingMode: 0
  m_UpdateMode: 0
  m_ApplyRootMotion: 1
  m_LinearVelocityBlending: 0
  m_WarningMessage: 
  m_HasTransformHierarchy: 1
  m_AllowConstantClipSamplingOptimization: 1
  m_KeepAnimatorControllerStateOnDisable: 0
--- !u!95 &7627331567548135979
Animator:
  serializedVersion: 3
  m_ObjectHideFlags: 0
  m_CorrespondingSourceObject: {fileID: 0}
  m_PrefabInstance: {fileID: 0}
  m_PrefabAsset: {fileID: 0}
  m_GameObject: {fileID: 2415077865552827387}
  m_Enabled: 1
  m_Avatar: {fileID: 0}
  m_Controller: {fileID: 9100000, guid: f4c6ae8ff6ab1a0458c49b2ddec27bc4, type: 2}
  m_CullingMode: 0
  m_UpdateMode: 0
  m_ApplyRootMotion: 1
  m_LinearVelocityBlending: 0
  m_WarningMessage: 
  m_HasTransformHierarchy: 1
  m_AllowConstantClipSamplingOptimization: 1
  m_KeepAnimatorControllerStateOnDisable: 0
--- !u!1001 &3262151305050877610
PrefabInstance:
  m_ObjectHideFlags: 0
  serializedVersion: 2
  m_Modification:
    m_TransformParent: {fileID: 3489685096744993578}
    m_Modifications:
    - target: {fileID: -8679921383154817045, guid: 05121c0e9f66ca84d8f7b3210ef8cc12,
        type: 3}
      propertyPath: m_LocalPosition.x
      value: -0.12453431
      objectReference: {fileID: 0}
    - target: {fileID: -8679921383154817045, guid: 05121c0e9f66ca84d8f7b3210ef8cc12,
        type: 3}
      propertyPath: m_LocalPosition.y
      value: 2.2367258
      objectReference: {fileID: 0}
    - target: {fileID: -8679921383154817045, guid: 05121c0e9f66ca84d8f7b3210ef8cc12,
        type: 3}
      propertyPath: m_LocalPosition.z
      value: -0.73382676
      objectReference: {fileID: 0}
    - target: {fileID: -8679921383154817045, guid: 05121c0e9f66ca84d8f7b3210ef8cc12,
        type: 3}
      propertyPath: m_LocalRotation.x
      value: -0
      objectReference: {fileID: 0}
    - target: {fileID: -8679921383154817045, guid: 05121c0e9f66ca84d8f7b3210ef8cc12,
        type: 3}
      propertyPath: m_LocalRotation.y
      value: 0.9000368
      objectReference: {fileID: 0}
    - target: {fileID: -8679921383154817045, guid: 05121c0e9f66ca84d8f7b3210ef8cc12,
        type: 3}
      propertyPath: m_LocalRotation.z
      value: -0
      objectReference: {fileID: 0}
    - target: {fileID: -8679921383154817045, guid: 05121c0e9f66ca84d8f7b3210ef8cc12,
        type: 3}
      propertyPath: m_LocalRotation.w
      value: 0.43581396
      objectReference: {fileID: 0}
    - target: {fileID: -8679921383154817045, guid: 05121c0e9f66ca84d8f7b3210ef8cc12,
        type: 3}
      propertyPath: m_RootOrder
      value: 0
      objectReference: {fileID: 0}
    - target: {fileID: -8679921383154817045, guid: 05121c0e9f66ca84d8f7b3210ef8cc12,
        type: 3}
      propertyPath: m_LocalEulerAnglesHint.x
      value: 0
      objectReference: {fileID: 0}
    - target: {fileID: -8679921383154817045, guid: 05121c0e9f66ca84d8f7b3210ef8cc12,
        type: 3}
      propertyPath: m_LocalEulerAnglesHint.y
      value: 128.326
      objectReference: {fileID: 0}
    - target: {fileID: -8679921383154817045, guid: 05121c0e9f66ca84d8f7b3210ef8cc12,
        type: 3}
      propertyPath: m_LocalEulerAnglesHint.z
      value: 0
      objectReference: {fileID: 0}
    - target: {fileID: -7511558181221131132, guid: 05121c0e9f66ca84d8f7b3210ef8cc12,
        type: 3}
      propertyPath: m_Materials.Array.data[0]
      value: 
      objectReference: {fileID: 2100000, guid: 6b39df2c6c70bc348a9f8f23cb023a87, type: 2}
    - target: {fileID: 919132149155446097, guid: 05121c0e9f66ca84d8f7b3210ef8cc12,
        type: 3}
      propertyPath: m_Name
      value: Potion_02
      objectReference: {fileID: 0}
    - target: {fileID: 919132149155446097, guid: 05121c0e9f66ca84d8f7b3210ef8cc12,
        type: 3}
      propertyPath: m_StaticEditorFlags
      value: 0
      objectReference: {fileID: 0}
    m_RemovedComponents: []
  m_SourcePrefab: {fileID: 100100000, guid: 05121c0e9f66ca84d8f7b3210ef8cc12, type: 3}
--- !u!1 &2415077865552827387 stripped
GameObject:
  m_CorrespondingSourceObject: {fileID: 919132149155446097, guid: 05121c0e9f66ca84d8f7b3210ef8cc12,
    type: 3}
  m_PrefabInstance: {fileID: 3262151305050877610}
  m_PrefabAsset: {fileID: 0}
--- !u!4 &3084899952084584769 stripped
Transform:
  m_CorrespondingSourceObject: {fileID: -8679921383154817045, guid: 05121c0e9f66ca84d8f7b3210ef8cc12,
    type: 3}
  m_PrefabInstance: {fileID: 3262151305050877610}
  m_PrefabAsset: {fileID: 0}
--- !u!1001 &3262151305545688003
PrefabInstance:
  m_ObjectHideFlags: 0
  serializedVersion: 2
  m_Modification:
    m_TransformParent: {fileID: 3489685096744993578}
    m_Modifications:
    - target: {fileID: -8679921383154817045, guid: e232ec252ac25d14dbadaa8fd247e16b,
        type: 3}
      propertyPath: m_LocalPosition.x
      value: -0.4075343
      objectReference: {fileID: 0}
    - target: {fileID: -8679921383154817045, guid: e232ec252ac25d14dbadaa8fd247e16b,
        type: 3}
      propertyPath: m_LocalPosition.y
      value: 2.2977543
      objectReference: {fileID: 0}
    - target: {fileID: -8679921383154817045, guid: e232ec252ac25d14dbadaa8fd247e16b,
        type: 3}
      propertyPath: m_LocalPosition.z
      value: -0.30068004
      objectReference: {fileID: 0}
    - target: {fileID: -8679921383154817045, guid: e232ec252ac25d14dbadaa8fd247e16b,
        type: 3}
      propertyPath: m_LocalRotation.x
      value: 0.5216557
      objectReference: {fileID: 0}
    - target: {fileID: -8679921383154817045, guid: e232ec252ac25d14dbadaa8fd247e16b,
        type: 3}
      propertyPath: m_LocalRotation.y
      value: -0.47178003
      objectReference: {fileID: 0}
    - target: {fileID: -8679921383154817045, guid: e232ec252ac25d14dbadaa8fd247e16b,
        type: 3}
      propertyPath: m_LocalRotation.z
      value: 0.5182747
      objectReference: {fileID: 0}
    - target: {fileID: -8679921383154817045, guid: e232ec252ac25d14dbadaa8fd247e16b,
        type: 3}
      propertyPath: m_LocalRotation.w
      value: -0.48650822
      objectReference: {fileID: 0}
    - target: {fileID: -8679921383154817045, guid: e232ec252ac25d14dbadaa8fd247e16b,
        type: 3}
      propertyPath: m_RootOrder
      value: 2
      objectReference: {fileID: 0}
    - target: {fileID: -8679921383154817045, guid: e232ec252ac25d14dbadaa8fd247e16b,
        type: 3}
      propertyPath: m_LocalEulerAnglesHint.x
      value: -1.0630001
      objectReference: {fileID: 0}
    - target: {fileID: -8679921383154817045, guid: e232ec252ac25d14dbadaa8fd247e16b,
        type: 3}
      propertyPath: m_LocalEulerAnglesHint.y
      value: 89.393005
      objectReference: {fileID: 0}
    - target: {fileID: -8679921383154817045, guid: e232ec252ac25d14dbadaa8fd247e16b,
        type: 3}
      propertyPath: m_LocalEulerAnglesHint.z
      value: 265.326
      objectReference: {fileID: 0}
    - target: {fileID: -7511558181221131132, guid: e232ec252ac25d14dbadaa8fd247e16b,
        type: 3}
      propertyPath: m_Materials.Array.data[0]
      value: 
      objectReference: {fileID: 2100000, guid: 1a3b45f2f783a6e49984e3ffef6363c8, type: 2}
    - target: {fileID: 919132149155446097, guid: e232ec252ac25d14dbadaa8fd247e16b,
        type: 3}
      propertyPath: m_Name
      value: Parchemin
      objectReference: {fileID: 0}
    - target: {fileID: 919132149155446097, guid: e232ec252ac25d14dbadaa8fd247e16b,
        type: 3}
      propertyPath: m_StaticEditorFlags
      value: 4294967295
      objectReference: {fileID: 0}
    m_RemovedComponents: []
  m_SourcePrefab: {fileID: 100100000, guid: e232ec252ac25d14dbadaa8fd247e16b, type: 3}
--- !u!4 &3084899951556019240 stripped
Transform:
  m_CorrespondingSourceObject: {fileID: -8679921383154817045, guid: e232ec252ac25d14dbadaa8fd247e16b,
    type: 3}
  m_PrefabInstance: {fileID: 3262151305545688003}
  m_PrefabAsset: {fileID: 0}
--- !u!1001 &3262151306066486619
PrefabInstance:
  m_ObjectHideFlags: 0
  serializedVersion: 2
  m_Modification:
    m_TransformParent: {fileID: 3489685096744993578}
    m_Modifications:
    - target: {fileID: -8679921383154817045, guid: 9003ae7fcefd6304286dbc9496133df2,
        type: 3}
      propertyPath: m_LocalPosition.x
      value: -0.45174754
      objectReference: {fileID: 0}
    - target: {fileID: -8679921383154817045, guid: 9003ae7fcefd6304286dbc9496133df2,
        type: 3}
      propertyPath: m_LocalPosition.y
      value: 2.2385259
      objectReference: {fileID: 0}
    - target: {fileID: -8679921383154817045, guid: 9003ae7fcefd6304286dbc9496133df2,
        type: 3}
      propertyPath: m_LocalPosition.z
      value: -0.6967268
      objectReference: {fileID: 0}
    - target: {fileID: -8679921383154817045, guid: 9003ae7fcefd6304286dbc9496133df2,
        type: 3}
      propertyPath: m_LocalRotation.x
      value: -0
      objectReference: {fileID: 0}
    - target: {fileID: -8679921383154817045, guid: 9003ae7fcefd6304286dbc9496133df2,
        type: 3}
      propertyPath: m_LocalRotation.y
      value: 0.9667746
      objectReference: {fileID: 0}
    - target: {fileID: -8679921383154817045, guid: 9003ae7fcefd6304286dbc9496133df2,
        type: 3}
      propertyPath: m_LocalRotation.z
      value: -0
      objectReference: {fileID: 0}
    - target: {fileID: -8679921383154817045, guid: 9003ae7fcefd6304286dbc9496133df2,
        type: 3}
      propertyPath: m_LocalRotation.w
      value: 0.25563037
      objectReference: {fileID: 0}
    - target: {fileID: -8679921383154817045, guid: 9003ae7fcefd6304286dbc9496133df2,
        type: 3}
      propertyPath: m_RootOrder
      value: 1
      objectReference: {fileID: 0}
    - target: {fileID: -8679921383154817045, guid: 9003ae7fcefd6304286dbc9496133df2,
        type: 3}
      propertyPath: m_LocalEulerAnglesHint.x
      value: 0
      objectReference: {fileID: 0}
    - target: {fileID: -8679921383154817045, guid: 9003ae7fcefd6304286dbc9496133df2,
        type: 3}
      propertyPath: m_LocalEulerAnglesHint.y
      value: 150.378
      objectReference: {fileID: 0}
    - target: {fileID: -8679921383154817045, guid: 9003ae7fcefd6304286dbc9496133df2,
        type: 3}
      propertyPath: m_LocalEulerAnglesHint.z
      value: 0
      objectReference: {fileID: 0}
    - target: {fileID: -7511558181221131132, guid: 9003ae7fcefd6304286dbc9496133df2,
        type: 3}
      propertyPath: m_Materials.Array.data[0]
      value: 
      objectReference: {fileID: 2100000, guid: 9141f7f880316bb4d85e3992a7978992, type: 2}
    - target: {fileID: 919132149155446097, guid: 9003ae7fcefd6304286dbc9496133df2,
        type: 3}
      propertyPath: m_Name
      value: Potion_03
      objectReference: {fileID: 0}
    - target: {fileID: 919132149155446097, guid: 9003ae7fcefd6304286dbc9496133df2,
        type: 3}
      propertyPath: m_StaticEditorFlags
      value: 0
      objectReference: {fileID: 0}
    m_RemovedComponents: []
  m_SourcePrefab: {fileID: 100100000, guid: 9003ae7fcefd6304286dbc9496133df2, type: 3}
--- !u!1 &2415077864553994250 stripped
GameObject:
  m_CorrespondingSourceObject: {fileID: 919132149155446097, guid: 9003ae7fcefd6304286dbc9496133df2,
    type: 3}
  m_PrefabInstance: {fileID: 3262151306066486619}
  m_PrefabAsset: {fileID: 0}
--- !u!4 &3084899951068971696 stripped
Transform:
  m_CorrespondingSourceObject: {fileID: -8679921383154817045, guid: 9003ae7fcefd6304286dbc9496133df2,
    type: 3}
  m_PrefabInstance: {fileID: 3262151306066486619}
  m_PrefabAsset: {fileID: 0}
